PA
CALDWELL CHIEFS @ GALESBURG GUZZLERS
06/23/2042
 
TOP OF THE 1ST
Caldwell Chiefs batting - Pitching for Galesburg Guzzlers : LHP Hilton Barrett
Pitching: LHP Hilton Barrett
Batting: RHB Luis Miguel Monteblanco 0-0: Ball
1-0: Called Strike
1-1: Swinging Strike
1-2: Strikes out swinging
Batting: RHB Kane Felton 0-0: Foul Ball, location: 2F
0-1: Called Strike
0-2: Ball
1-2: Ball
2-2: Ground out 5-3 (Groundball, 56S, EV 88.1 MPH)
Batting: LHB Jorge Napolez 0-0: Called Strike
0-1: Ball
1-1: Called Strike
1-2: Strikes out swinging
Top of the 1st over - 0 runs, 0 hits, 0 errors, 0 left on base; Caldwell 0 - Galesburg 0
BOTTOM OF THE 1ST
Galesburg Guzzlers batting - Pitching for Caldwell Chiefs : RHP Gregg Booth
Pitching: RHP Gregg Booth
Batting: RHB Nathan Nelson 0-0: Ball
1-0: Swinging Strike
1-1: Ball
2-1: Foul Ball, location: 2F
2-2: Ball
3-2: Ground out 5-3 (Groundball, 56, EV 94.4 MPH)
Batting: RHB David Báez 0-0: Fly out, F7 (Flyball, 78S, EV 88.8 MPH)
Batting: RHB Woody Marshall 0-0: Called Strike
0-1: Ball
1-1: Ball
2-1: Ball
3-1: Fly out, F9 (Flyball, 9LD, EV 93.1 MPH)
Bottom of the 1st over - 0 runs, 0 hits, 0 errors, 0 left on base; Caldwell 0 - Galesburg 0
TOP OF THE 2ND
Caldwell Chiefs batting - Pitching for Galesburg Guzzlers : LHP Hilton Barrett
Batting: RHB Kuan Pi 0-0: Foul Ball, location: 2F
0-1: Called Strike
0-2: Ball
1-2: Ball
2-2: Reached on error, E4 (Groundball, 4, EV 83.8 MPH)
Batting: RHB Dan Babauta 0-0: Ball
1-0: Called Strike
1-1: Ball
2-1: Called Strike
2-2: Ball
3-2: Fly out, F7 (Flyball, 7S, EV 95.0 MPH)
Batting: RHB Ángelo Atenas 0-0: Foul Ball, location: 2F
0-1: Ball
1-1: Ball
2-1: Fly out, F8 (Flyball, 8RM, EV 80.6 MPH)
Batting: RHB Derrick Davis 0-0: Ball
1-0: Swinging Strike
1-1: Foul Ball, location: 2F
1-2: Ball
2-2: Foul Ball, location: 2F
2-2: SINGLE (Line Drive, 89M, EV 103.1 MPH)
Kuan Pi to second
Batting: LHB Dan Webb 0-0: Called Strike
0-1: Ground out 4-3 (Groundball, 34, EV 101.9 MPH)
Top of the 2nd over - 0 runs, 1 hit, 1 error, 2 left on base; Caldwell 0 - Galesburg 0
BOTTOM OF THE 2ND
Galesburg Guzzlers batting - Pitching for Caldwell Chiefs : RHP Gregg Booth
Batting: LHB Adam Lee 0-0: Called Strike
0-1: Fly out, F9 (Flyball, 89S, EV 83.8 MPH)
Batting: LHB Ken Jackson 0-0: Ball
1-0: Foul Ball, location: 2F
1-1: SINGLE (Line Drive, 8RM, EV 98.1 MPH)
Batting: RHB Paul Kelly 0-0: Ball
1-0: Ball
2-0: Called Strike
2-1: Swinging Strike
2-2: Strikes out swinging
Batting: RHB Ching Sun 0-0: Ball
1-0: Ground out 5-3 (Groundball, 5S, EV 87.5 MPH)
Bottom of the 2nd over - 0 runs, 1 hit, 0 errors, 1 left on base; Caldwell 0 - Galesburg 0
TOP OF THE 3RD
Caldwell Chiefs batting - Pitching for Galesburg Guzzlers : LHP Hilton Barrett
Batting: LHB Li-ping Lian 0-0: Called Strike
0-1: SINGLE (Flyball, 8RS, EV 87.5 MPH)
Pitching: LHP Ray Smiley
Batting: RHB Luis Miguel Monteblanco 0-0: Called Strike
0-1: Called Strike
0-2: Ball
Li-ping Lian is caught stealing 2nd base 2-4
1-2: Ball
2-2: Foul Ball, location: 2F
2-2: Strikes out looking
Batting: RHB Kane Felton 0-0: Called Strike
0-1: Swinging Strike
0-2: Strikes out swinging
Top of the 3rd over - 0 runs, 1 hit, 0 errors, 0 left on base; Caldwell 0 - Galesburg 0
BOTTOM OF THE 3RD
Galesburg Guzzlers batting - Pitching for Caldwell Chiefs : RHP Gregg Booth
Batting: SHB Manuel Colón 0-0: Ball
1-0: SINGLE (Line Drive, 9S, EV 103.1 MPH)
Batting: RHB Ethan Allcorn 0-0: Called Strike
0-1: Swinging Strike
0-2: Ball
1-2: Fly out, F9 (Line Drive, 9D, EV 92.5 MPH)
Batting: RHB Nathan Nelson 0-0: Foul Ball, location: 2F
0-1: Grounds into double play, 6-4-3 (Groundball, 6, EV 84.4 MPH)
Bottom of the 3rd over - 0 runs, 1 hit, 0 errors, 0 left on base; Caldwell 0 - Galesburg 0
TOP OF THE 4TH
Caldwell Chiefs batting - Pitching for Galesburg Guzzlers : LHP Ray Smiley
Batting: LHB Jorge Napolez 0-0: Swinging Strike
0-1: Ball
1-1: SINGLE (Flyball, 78M, EV 88.8 MPH)
Batting: RHB Kuan Pi 0-0: Called Strike
0-1: Called Strike
0-2: Foul Ball, location: 2F
0-2: Ball
1-2: Ball
2-2: Strikes out swinging
Batting: RHB Dan Babauta Pickoff Throw to First - Out! 1-3
0-0: Foul Ball, location: 2F
0-1: Ball
1-1: Ball
2-1: Ball
3-1: Base on Balls
Batting: RHB Ángelo Atenas 0-0: Ball
1-0: SINGLE (Line Drive, 78S, EV 109.4 MPH)
Dan Babauta to second
Batting: RHB Derrick Davis 0-0: Ball
1-0: Foul Ball, location: 2F
1-1: Foul Ball, location: 2F
1-2: Ball
2-2: Foul Ball, location: 2F
2-2: Fly out, F8 (Flyball, 8RD, EV 104.4 MPH)
Top of the 4th over - 0 runs, 2 hits, 0 errors, 2 left on base; Caldwell 0 - Galesburg 0
BOTTOM OF THE 4TH
Galesburg Guzzlers batting - Pitching for Caldwell Chiefs : RHP Gregg Booth
Batting: RHB David Báez 0-0: Bunt missed!
0-1: Called Strike
0-2: SINGLE (Flyball, 89S, EV 86.9 MPH)
Batting: RHB Woody Marshall 0-0: Called Strike
0-1: Swinging Strike
0-2: Ball
1-2: Fielders Choice at 2nd, 6-4 (Groundball, 6, EV 84.4 MPH)
Batting: LHB Adam Lee 0-0: Grounds into double play, 4-6-3 (Groundball, 4M, EV 84.4 MPH)
Bottom of the 4th over - 0 runs, 1 hit, 0 errors, 0 left on base; Caldwell 0 - Galesburg 0
TOP OF THE 5TH
Caldwell Chiefs batting - Pitching for Galesburg Guzzlers : LHP Ray Smiley
Batting: LHB Dan Webb 0-0: Ball
1-0: Foul Ball, location: 2F
1-1: Foul Ball, location: 2F
1-2: Ball
2-2: Ball
3-2: DOUBLE (Line Drive, 3D, EV 96.9 MPH)
Batting: LHB Li-ping Lian 0-0: Ball
1-0: Fly out, F9 (Line Drive, 9, EV 95.0 MPH)
Batting: RHB Luis Miguel Monteblanco 0-0: Called Strike
0-1: Foul Ball, location: 2F
0-2: Foul Ball, location: 2F
0-2: Strikes out looking
Batting: RHB Kane Felton 0-0: Called Strike
0-1: Called Strike
0-2: Strikes out swinging
Top of the 5th over - 0 runs, 1 hit, 0 errors, 1 left on base; Caldwell 0 - Galesburg 0
BOTTOM OF THE 5TH
Galesburg Guzzlers batting - Pitching for Caldwell Chiefs : RHP Gregg Booth
Batting: LHB Ken Jackson 0-0: Called Strike
0-1: Ball
1-1: Foul Ball, location: 2F
1-2: Ground out 4-3 (Groundball, 34D, EV 86.2 MPH)
Batting: RHB Paul Kelly 0-0: Swinging Strike
0-1: Foul Ball, location: 2F
0-2: Strikes out swinging
Batting: RHB Ching Sun 0-0: Ball
1-0: Ball
2-0: Fly out, F9 (Flyball, 89M, EV 74.4 MPH)
Bottom of the 5th over - 0 runs, 0 hits, 0 errors, 0 left on base; Caldwell 0 - Galesburg 0
TOP OF THE 6TH
Caldwell Chiefs batting - Pitching for Galesburg Guzzlers : LHP Ray Smiley
Batting: LHB Jorge Napolez 0-0: Swinging Strike
0-1: Called Strike
0-2: Ball
1-2: Strikes out looking
Batting: RHB Kuan Pi 0-0: Ball
1-0: Ball
2-0: Ball
3-0: Base on Balls
Pitching: RHP Otto Mathews
Batting: RHB Dan Babauta 0-0: Ball
1-0: Swinging Strike
1-1: Foul Ball, location: 2F
1-2: Foul Ball, location: 2F
1-2: Reached on error, E5 (Groundball, 56, EV 78.1 MPH)
Kuan Pi to second
Batting: RHB Ángelo Atenas 0-0: Ball
1-0: Called Strike
1-1: Ball
2-1: Foul Ball, location: 2F
2-2: Ball
3-2: SINGLE (Line Drive, 9S, EV 94.4 MPH)
Kuan Pi to third
Dan Babauta to second
Batting: RHB Derrick Davis 0-0: Ball
1-0: Fly out, F8 (Flyball, 8LXD, EV 85.6 MPH)
Runner from 3rd tags up, SCORES, no throw by CF
Dan Babauta to third
Batting: LHB Dan Webb 0-0: Called Strike
0-1: Ball
1-1: Ball
2-1: Foul Ball, location: 2F
2-2: Foul Ball, location: 2F
2-2: Ball
3-2: Ground out 3-1 (Groundball, 3, EV 89.4 MPH)
Top of the 6th over - 1 run, 1 hit, 1 error, 2 left on base; Caldwell 1 - Galesburg 0
BOTTOM OF THE 6TH
Galesburg Guzzlers batting - Pitching for Caldwell Chiefs : RHP Gregg Booth
Batting: SHB Manuel Colón 0-0: Ball
1-0: Ball
2-0: Swinging Strike
2-1: Ball
3-1: Base on Balls
Batting: RHB Ethan Allcorn 0-0: Sac Bunt to 15S - play at first, batter OUT! 1-4
Manuel Colón to second
Batting: RHB Nathan Nelson 0-0: Ball
1-0: Ball
2-0: Foul Ball, location: 2F
2-1: Ground out U3 (Groundball, 34S, EV 62.5 MPH)
Manuel Colón to third
Batting: RHB David Báez 0-0: Foul Ball, location: 2F
0-1: SINGLE (Line Drive, 7S, EV 93.1 MPH)
Manuel Colón scores
Batting: RHB Woody Marshall 0-0: Called Strike
David Báez steals 2nd base
0-1: DOUBLE (Line Drive, 5D, EV 101.2 MPH)
David Báez scores
Batting: LHB Adam Lee 0-0: Ball
1-0: Ball
2-0: Foul Ball, location: 2F
2-1: Ball
3-1: Foul Ball, location: 2F
3-2: Ground out 4-3 (Groundball, 4M, EV 81.9 MPH)
Bottom of the 6th over - 2 runs, 2 hits, 0 errors, 1 left on base; Caldwell 1 - Galesburg 2
TOP OF THE 7TH
Caldwell Chiefs batting - Pitching for Galesburg Guzzlers : RHP Otto Mathews
Batting: LHB Li-ping Lian 0-0: SINGLE (Groundball, 5D, EV 103.8 MPH)
Batting: RHB Luis Miguel Monteblanco 0-0: Ball
1-0: Sac Bunt to 15S - play at first, batter safe!
Li-ping Lian to second
Pinch Hitting: LHB Ramón Gómez 0-0: Ball
1-0: Ball
2-0: Sac Bunt to 2R - play at first, batter OUT! 2-4
Li-ping Lian to third
Luis Miguel Monteblanco to second
Batting: LHB Jorge Napolez 0-0: Called Strike
0-1: Ball
1-1: SINGLE (Flyball, 9LS, EV 86.2 MPH)
Li-ping Lian scores
Luis Miguel Monteblanco to third
Runner from 3rd tries for Home, SAFE, no throw by RF
Batting: RHB Kuan Pi 0-0: Ball
1-0: Fielders Choice at 2nd, 3-6 (Groundball, 3, EV 98.1 MPH)
Batting: RHB Dan Babauta 0-0: Ball
1-0: Foul Ball, location: 2F
1-1: Fly out, F8 (Flyball, 78M, EV 84.4 MPH)
Top of the 7th over - 2 runs, 3 hits, 0 errors, 1 left on base; Caldwell 3 - Galesburg 2
BOTTOM OF THE 7TH
Galesburg Guzzlers batting - Pitching for Caldwell Chiefs : RHP Gregg Booth
Now at SS: Clark Curtis
Batting: LHB Ken Jackson 0-0: Called Strike
0-1: Swinging Strike
0-2: Ball
1-2: Ball
2-2: Ball
3-2: Base on Balls
Batting: RHB Paul Kelly 0-0: Sac Bunt to 3S - play at first, batter OUT! 3-1
Ken Jackson to second
Batting: RHB Ching Sun 0-0: Ball
1-0: Called Strike
1-1: Foul Ball, location: 2F
1-2: Ball
2-2: SINGLE (Line Drive, 8RS, EV 94.4 MPH)
Ken Jackson to third
Runner from 3rd tries for Home, SAFE, throw by CF to home
Batting: SHB Manuel Colón 0-0: Ball
1-0: Called Strike
1-1: Ball
2-1: Foul Ball, location: 2F
2-2: SINGLE (Line Drive, 9S, EV 103.8 MPH)
Ching Sun to second
Batting: RHB Ethan Allcorn 0-0: Called Strike
0-1: Called Strike
0-2: Fly out, F8 (Line Drive, 8LM, EV 91.2 MPH)
Batting: RHB Nathan Nelson 0-0: Ball
1-0: SINGLE (Flyball, 7LS, EV 85.0 MPH)
Ching Sun to third
Manuel Colón to second
Runner from 3rd tries for Home, SAFE, no throw by LF
Batting: RHB David Báez 0-0: Ground out 4-3 (Groundball, 4MS, EV 61.2 MPH)
Bottom of the 7th over - 2 runs, 3 hits, 0 errors, 2 left on base; Caldwell 3 - Galesburg 4
TOP OF THE 8TH
Caldwell Chiefs batting - Pitching for Galesburg Guzzlers : RHP Otto Mathews
Batting: RHB Ángelo Atenas 0-0: Ball
1-0: Called Strike
1-1: Foul Ball, location: 2F
1-2: Foul Ball, location: 2F
1-2: Ball
2-2: Ball
3-2: Fly out, F8 (Flyball, 8RM, EV 88.8 MPH)
Batting: RHB Derrick Davis 0-0: Ball
1-0: Ball
2-0: Ball
3-0: Base on Balls
Pitching: RHP Ettore Guizzardi
Batting: LHB Dan Webb 0-0: Ball
1-0: Ball
2-0: Ball
3-0: Foul Ball, location: 2F
3-1: Base on Balls
Derrick Davis to second
Pitching: RHP Daniel St. John
Batting: LHB Li-ping Lian 0-0: Foul Ball, location: 2F
0-1: SINGLE (Line Drive, 56, EV 101.9 MPH)
Derrick Davis to third
Dan Webb to second
Batting: RHB Luis Miguel Monteblanco 0-0: Called Strike
0-1: Foul Ball, location: 2F
0-2: Fly out, F8 (Line Drive, 8LD, EV 101.2 MPH)
Runner from 3rd tags up, SCORES, throw by CF
Batting: RHB Clark Curtis 0-0: Ball
1-0: Called Strike
1-1: Ball
2-1: Fly out, F7 (Line Drive, 7, EV 96.2 MPH)
Top of the 8th over - 1 run, 1 hit, 0 errors, 2 left on base; Caldwell 4 - Galesburg 4
BOTTOM OF THE 8TH
Galesburg Guzzlers batting - Pitching for Caldwell Chiefs : RHP Gregg Booth
Batting: RHB Woody Marshall 0-0: Fly out, F8 (Flyball, 8RM, EV 95.6 MPH)
Batting: LHB Adam Lee 0-0: Called Strike
0-1: Ground out 4-3 (Groundball, 4, EV 90.6 MPH)
Batting: LHB Ken Jackson 0-0: Ball
1-0: Called Strike
1-1: DOUBLE (Line Drive, 78XD, EV 108.1 MPH)
Pitching: LHP Dong-choon Yi
Batting: RHB Paul Kelly 0-0: Foul Ball, location: 2F
0-1: Fly out, F7 (Flyball, 7, EV 93.1 MPH)
Bottom of the 8th over - 0 runs, 1 hit, 0 errors, 1 left on base; Caldwell 4 - Galesburg 4
TOP OF THE 9TH
Caldwell Chiefs batting - Pitching for Galesburg Guzzlers : RHP Daniel St. John
Batting: LHB Jorge Napolez 0-0: Ball
1-0: Foul Ball, location: 2F
1-1: Ball
2-1: Ball
3-1: Called Strike
3-2: SINGLE (Flyball, 78M, EV 86.9 MPH)
Batting: RHB Kuan Pi 0-0: Called Strike
Jorge Napolez steals 2nd base
0-1: Ball
1-1: Intentional Walk
Batting: RHB Dan Babauta 0-0: Called Strike
0-1: Swinging Strike
0-2: Ball
1-2: Foul Ball, location: 2F
1-2: Ball
2-2: Strikes out swinging
Batting: RHB Ángelo Atenas 0-0: Fly out, F8 (Flyball, 8RD, EV 98.8 MPH)
Batting: RHB Derrick Davis 0-0: Ball
1-0: Called Strike
1-1: SINGLE (Groundball, 13S, EV 69.4 MPH) (infield hit)
Jorge Napolez to third
Kuan Pi to second
Batting: LHB Dan Webb 0-0: Called Strike
0-1: Swinging Strike
0-2: Strikes out swinging
Top of the 9th over - 0 runs, 2 hits, 0 errors, 3 left on base; Caldwell 4 - Galesburg 4
BOTTOM OF THE 9TH
Galesburg Guzzlers batting - Pitching for Caldwell Chiefs : LHP Dong-choon Yi
Batting: RHB Ching Sun 0-0: Ball
1-0: Foul Ball, location: 2F
1-1: Ball
2-1: Foul Ball, location: 2F
2-2: Foul Ball, location: 2F
2-2: Foul Ball, location: 2F
2-2: Foul Ball, location: 2F
2-2: Foul Ball, location: 2F
2-2: Foul Ball, location: 2F
2-2: Foul Ball, location: 2F
2-2: Ball
3-2: DOUBLE (Groundball, 5L, EV 105.0 MPH)
Pinch Hitting: RHB David Maddox 0-0: Ball
1-0: Ball
2-0: Foul Ball, location: 2F
2-1: Foul Ball, location: 2F
2-2: Strikes out swinging
Batting: RHB Ethan Allcorn 0-0: Ball
1-0: Ball
2-0: Foul Ball, location: 2F
2-1: Fly out, F9 (Flyball, 9S, EV 96.9 MPH)
Batting: RHB Nathan Nelson 0-0: Intentional Walk
Batting: RHB David Báez 0-0: Ball
1-0: Ball
2-0: Foul Ball, location: 2F
2-1: Fly out, F8 (Flyball, 8LS, EV 93.1 MPH)
Bottom of the 9th over - 0 runs, 1 hit, 0 errors, 2 left on base; Caldwell 4 - Galesburg 4
TOP OF THE 10TH
Caldwell Chiefs batting - Pitching for Galesburg Guzzlers : RHP Daniel St. John
Now at C: Orlando Yerro
Batting: LHB Li-ping Lian 0-0: Called Strike
0-1: Foul Ball, location: 2F
0-2: Foul Ball, location: 2F
0-2: Strikes out swinging
Batting: RHB Luis Miguel Monteblanco 0-0: Called Strike
0-1: Ball
1-1: Ground out U3 (Groundball, 34, EV 106.9 MPH)
Batting: RHB Clark Curtis 0-0: Ground out 6-3 (Groundball, 6, EV 78.8 MPH)
Top of the 10th over - 0 runs, 0 hits, 0 errors, 0 left on base; Caldwell 4 - Galesburg 4
BOTTOM OF THE 10TH
Galesburg Guzzlers batting - Pitching for Caldwell Chiefs : LHP Dong-choon Yi
Batting: RHB Woody Marshall 0-0: Ball
1-0: Ball
2-0: Foul Ball, location: 2F
2-1: Fly out, F9 (Flyball, 9LS, EV 88.1 MPH)
Batting: LHB Adam Lee 0-0: Called Strike
0-1: SINGLE (Line Drive, 8RS, EV 111.2 MPH)
Pitching: LHP Juriaan van der Kieft
Pinch Hitting: RHB Shadow Espinoza 0-0: Called Strike
0-1: Foul Ball, location: 2F
0-2: Ball
1-2: Strikes out looking
Batting: RHB Paul Kelly 0-0: Ball
1-0: Ball
2-0: Ball
3-0: Called Strike
3-1: Base on Balls
Adam Lee to second
Batting: RHB Ching Sun 0-0: Ball
1-0: Ball
2-0: Foul Ball, location: 2F
2-1: Swinging Strike
2-2: Foul Ball, location: 2F
2-2: Strikes out swinging
Bottom of the 10th over - 0 runs, 1 hit, 0 errors, 2 left on base; Caldwell 4 - Galesburg 4
TOP OF THE 11TH
Caldwell Chiefs batting - Pitching for Galesburg Guzzlers : RHP Daniel St. John
Now in RF: Shadow Espinoza
Batting: LHB Jorge Napolez 0-0: Ball
1-0: TRIPLE (Line Drive, 89XD, EV 105.6 MPH)
Batting: RHB Kuan Pi 0-0: Intentional Walk
Pitching: RHP Phil Alldred
Batting: RHB Dan Babauta 0-0: Ball
1-0: Called Strike
1-1: Fly out, F7 (Flyball, 78M, EV 87.5 MPH)
Runner from 3rd tags up, SCORES, no throw by LF
Batting: RHB Ángelo Atenas 0-0: Ball
1-0: Called Strike
1-1: Ball
2-1: Ball
3-1: Base on Balls
Kuan Pi to second
Batting: RHB Derrick Davis 0-0: Ball
1-0: Ground out 4-3 (Groundball, 4S, EV 75.0 MPH)
Kuan Pi to third
Ángelo Atenas to second
Batting: LHB Dan Webb 0-0: Called Strike
0-1: Fly out, F7 (Flyball, 7S, EV 90.6 MPH)
Top of the 11th over - 1 run, 1 hit, 0 errors, 2 left on base; Caldwell 5 - Galesburg 4
BOTTOM OF THE 11TH
Galesburg Guzzlers batting - Pitching for Caldwell Chiefs : LHP Juriaan van der Kieft
Pinch Hitting: RHB Kalani Puakea 0-0: Swinging Strike
0-1: Ball
1-1: Ball
2-1: Ball
3-1: Base on Balls
Batting: RHB Ethan Allcorn 0-0: Sac Bunt to 2L - play at first, batter OUT! 2-4
Kalani Puakea to second
Batting: RHB Nathan Nelson 0-0: SINGLE (Groundball, 6D, EV 95.6 MPH)
Kalani Puakea to third
Runner from 3rd tries for Home, SAFE, throw by CF to home
Batting: RHB David Báez 0-0: Ball
1-0: Ball
2-0: Ball
3-0: Called Strike
3-1: SINGLE (Groundball, 56D, EV 103.1 MPH)
Nathan Nelson to second
Batting: RHB Woody Marshall 0-0: Called Strike
0-1: Swinging Strike
0-2: Ball
1-2: Foul Ball, location: 2F
1-2: Strikes out swinging
Batting: LHB Adam Lee 0-0: Ball
1-0: Called Strike
1-1: SINGLE (Line Drive, 7S, EV 85.6 MPH)
Nathan Nelson to third
David Báez to second
Runner from 3rd tries for Home, SAFE, no throw by LF
Friday, March 26th, 2021 - OOTP Baseball 20.8 Build 74